 Dungeon Crawl Stone Soup version 0.32-a0-799-g95e1662365 (webtiles) character file.

Game seed: 15984455824493376150

63 adelrune the Chopper (level 3, -4/28 HPs)
             Began as a Demonspawn Gladiator on Mar 21, 2024.
             Was a Follower of Dithmenos.
             Succumbed to Terence's poison
             ... on level 3 of the Dungeon.
             The game lasted 00:04:25 (1423 turns).

adelrune the Chopper (Demonspawn Gladiator)         Turns: 1423, Time: 00:04:26

Health: -4/28      AC:  9    Str: 16    XL:     3   Next: 89%
Magic:  3/3        EV: 10    Int:  8    God:    Dithmenos [*.....]
Gold:   119        SH:  0    Dex: 14    Spells: 2/2 levels left

rFire   . . .        a - +0 war axe
rCold   . . .        (no shield)
rNeg    . . .        p - +0 ring mail
rPois   .            c - +0 helmet
rElec   .            (no cloak)
rCorr   .            (no gloves)
SInv    .            m - +0 pair of boots
Will    .....        (no amulet)
Stlth   +            (no ring)
HPRegen 0.24/turn    (no ring)
MPRegen 0.08/turn

%: no passive effects
@: brilliant, lethally poisoned (-4 -> -28), wreathed by umbra
A: yellow scales 1, weakness stinger 1
a: Renounce Religion


You were on level 3 of the Dungeon.
You worshipped Dithmenos.
Dithmenos was aware of your devotion.
You visited 1 branch of the dungeon, and saw 3 of its levels.

You collected 119 gold pieces.

Inventory:

Hand Weapons
 a - a +0 war axe (weapon)
Missiles
 d - 3 throwing nets
 e - a javelin
 g - 2 boomerangs (quivered)
Armour
 b - a +0 leather armour
 c - a +0 helmet (worn)
 m - a +0 pair of boots (worn)
 p - a +0 ring mail (worn)
Scrolls
 h - a scroll of fog {unknown}
 j - a scroll of noise {unknown}
 k - a scroll of teleportation {unknown}
 l - a scroll of acquirement {unknown}
Potions
 f - a potion of mutation {unknown}
 i - a potion of brilliance
 n - a potion of enlightenment {unknown}
 o - a potion of might {unknown}


   Skills:
 + Level 2.6 Fighting
 * Level 3.6 Axes
 - Level 1.7 Throwing
 + Level 1.4 Armour
 - Level 2.6 Dodging
 + Level 0.0 Invocations


You had 2 spell levels left.
You didn't know any spells.
Your spell library contained the following spells:

 Spells                   Type           Power      Damage    Failure   Level
 Kiss of Death            Conj/Necr      0%         2d5       63%         1
 Confusing Touch          Hex            0%         N/A       94%         3
 Dispel Undead            Necr           0%         3d6       100%        4


Dungeon Overview and Level Annotations

Branches:
Dungeon (3/15)

Altars:
Dithmenos
Fedhas

Shops:
D:2 [

Annotations:
D:3 Terence


Innate Abilities, Weirdness & Mutations

You are partially covered in yellow scales. (AC +2)
You have a small tail.


Message History

There is a stone staircase leading down here.
You climb downwards.
There is a stone staircase leading up here.
Found 2 curare-tipped darts.
Terence the Incautious comes into view.
He is wielding a +5 short sword of venom.
Found a blossoming altar of Fedhas.
Terence shouts!
Terence barely misses you.
You slash Terence!
Terence is heavily wounded.
Terence hits you with a +5 short sword of venom.
You are poisoned.
You barely miss Terence.
Terence is heavily wounded.
You feel very sick. Terence hits you but does no damage.
You barely miss Terence.
Terence is heavily wounded.
You feel sick. Terence closely misses you. Terence misses you.
You hit Terence.
Your tail-slap misses Terence.
Terence is almost dead.
You feel sick.
Terence hits you with a +5 short sword of venom.
You are more poisoned.
You barely miss Terence.
Terence is almost dead.
You feel very sick. Terence hits you but does no damage.
You are lethally poisoned!
You closely miss Terence.
Terence is almost dead.
* * * LOW HITPOINT WARNING * * *
You feel very sick. Terence hits you but does no damage.
You are more poisoned.
Terence hits you with a +5 short sword of venom.
* * * LOW HITPOINT WARNING * * *
It was a potion of brilliance.
You feel clever all of a sudden.
You die...

#.#.......#..
#.#.......#.##
....._......#
#.......#..#
#...... #..# (.^.
#..#
...####.####..#
#.....@......#
##..#@##.###.## #
... #......# #.##
####...# #.#
#...# ..#
#####...##### #.#
#..<........# #.
.................
..###............


You could see Terence.

Vanquished Creatures
  2 adders (D:2)
  A dart slug (D:1)
  3 ball pythons
  2 bats
  8 endoplasms
  4 hobgoblins
  5 kobolds
  2 quokkas
  3 frilled lizards
  6 goblins
  3 rats (D:2)
39 creatures vanquished.

Notes
Turn   | Place    | Note
-------+----------+-------------------------------------------
     0 | D:1      | adelrune the Demonspawn Gladiator began the quest for the
                  | Orb.
     0 | D:1      | Reached XP level 1. HP: 16/16 MP: 1/1
   244 | D:1      | Reached skill level 3 in Axes
   258 | D:1      | Gained mutation: You are partially covered in yellow
                  | scales. (AC +2) [demonic ancestry]
   258 | D:1      | Reached XP level 2. HP: 22/22 MP: 2/2
   464 | D:1      | Found a faded altar of an unknown god.
   507 | D:1      | Prayed at the altar of an unknown god.
   507 | D:1      | Became a worshipper of Dithmenos the Shadowed
   507 | D:1      | Reached * piety under Dithmenos
   844 | D:2      | Reached skill level 1 in Armour
   852 | D:2      | Gained mutation: You have a small tail. [demonic ancestry]
   852 | D:2      | Reached XP level 3. HP: 28/28 MP: 3/3
  1112 | D:2      | Found Meschahou's Antique Armour Boutique.
  1415 | D:3      | Found a blossoming altar of Fedhas.
  1415 | D:3      | Noticed Terence
  1423 | D:3      | Succumbed to Terence's poison

Illustrated notes

Levels and vault maps discovered:
D:1:      lightli_molten_gateway, layout_basic,
          dilly_ecumenical_altar_fadedgnrine
D:2:      layout_loops_cross, serial_shops, shop, st_stairs_3
D:3:      layout_loops_cross, mainiacjoe_overflow_24_doors, old_standard_altar,
          uniq_terence

Skill      XL: |  1  2 |
---------------+-------+-----
Axes           | 3 |  3.6
Armour         | 1 |  1.4
Fighting       | |  2.6
Throwing       | |  1.7
Dodging        | |  2.6

Action                     || total
---------------------------++-------
  Melee: War axe           ||    75
         Tailslap          ||     5
  Throw: Boomerang         ||    14
    Use: Potion            ||     1
   Stab: Sleeping          ||     1
 Armour: Leather armour    ||    25
         Ring mail         ||    12
  Dodge: Dodged            ||    55

Table legend: (Time is in decaauts)
 A = Elapsed time spent in this place.
 B = Non-inter-level travel time spent in this place.
 C = Inter-level travel time spent in this place.
 D = Time resting spent in this place.
 E = Time spent auto-exploring this place.
 F = Levels seen in this place.
 G = Mean time per level.
                   A        B        C        D        E       F      G
               +--------+--------+--------+--------+--------+-----+--------+
         Total |   1450 |   1399 |     51 |      0 |   1128 |   3 |  483.3 |
       Dungeon |   1450 |   1399 |     51 |      0 |   1128 |   3 |  483.3 |
               +--------+--------+--------+--------+--------+-----+--------+

Top non-repeatable levels by time:
     D:1: 836 daAuts
     D:2: 589 daAuts
     D:3: 24 daAuts
